 Dungeon Crawl Stone Soup version 0.17-a0-1793-gcbb3aa1 (console) character file.

729 Illiel the Shooter (level 7, -13/45 HPs)
             Began as a High Elf Arcane Marksman on Sept 10, 2015.
             Was a Follower of Okawaru.
             Shot with an arrow by a centaur (16 damage)
             ... on level 5 of the Dungeon.
             The game lasted 00:31:17 (5391 turns).

Illiel the Shooter (High Elf Arcane Marksman)       Turns: 5391, Time: 00:31:17

Health: -13/45     AC:  6    Str: 10    XL:     7   Next: 44%
Magic:  7/13       EV: 14    Int: 16    God:    Okawaru [*.....]
Gold:   289        SH:  0    Dex: 18    Spells: 3 memorised, 7 levels left

rFire  . . .     SeeInvis .     a - +0 shortbow
rCold  . . .     Clarity  .     c - +0 robe
rNeg   . . .     SustAt   .     (no shield)
rPois  .         Gourm    .     (no helmet)
rElec  .         Spirit   .     C - +2 cloak
rCorr  .         Warding  .     y - +0 pair of gloves
rMut   .         Stasis   .     (no boots)
MR     .....                    (no amulet)
Stlth  ++........               (no ring)
                                (no ring)

@: not resistant to hostile enchantments, unstealthy
A: no striking features
a: Heroism, Renounce Religion


You were on level 5 of the Dungeon.
You worshipped Okawaru.
Okawaru was aware of your devotion.
You were hungry.

You visited 1 branch of the dungeon, and saw 5 of its levels.

You collected 289 gold pieces.

Inventory:

Hand weapons
 a - a +0 shortbow (weapon)
 b - a +0 dagger of draining
 h - a +2 falchion of holy wrath
Missiles
 g - 54 arrows (quivered)
Armour
 c - a +0 robe (worn)
 r - a +2 cloak
 y - a +0 pair of gloves (worn)
 C - a +2 cloak (worn)
Jewellery
 o - an uncursed ring of fire
 B - an uncursed ring of teleportation
Scrolls
 e - 2 scrolls of amnesia {unknown}
 i - a scroll of immolation {unknown}
 j - 3 scrolls of remove curse
 k - 2 scrolls of recharging {unknown}
 l - 2 scrolls of teleportation {unknown}
 m - a scroll of random uselessness {unknown}
 n - 2 scrolls of enchant armour {unknown}
 t - a scroll of blinking {unknown}
 w - a scroll of magic mapping {unknown}
Potions
 f - 2 potions of curing
 p - a potion of brilliance
 q - a potion of ambrosia
 s - a potion of flight
 u - a potion of lignification
 v - a potion of agility
 z - a potion of might {unknown}
 A - a potion of magic {unknown}
Books
 d - a book of Debilitation

   Spells                             Type                      Level
   a - Corona                         Hexes                        1
   b - Slow                           Hexes                        2
   c - Gell's Gravitas                Hexes/Translocation          3
   d - Inner Flame                    Hexes/Fire                   3
   e - Cause Fear                     Hexes                        4
   f - Leda's Liquefaction            Hexes/Earth                  4
Comestibles
 x - a bread ration


   Skills:
 + Level 2.8 Fighting
 - Level 2.0(2.1) Short Blades
 + Level 1.0(1.6) Long Blades
 * Level 5.3 Bows
 + Level 1.9 Armour
 + Level 3.4 Dodging
 + Level 2.6 Stealth
 * Level 3.7 Spellcasting
 * Level 4.4 Hexes
 + Level 0.6 Fire Magic
 + Level 0.4 Invocations


You had 7 spell levels left.
You knew the following spells:

 Your Spells              Type           Power        Failure   Level  Hunger
a - Corona                Hex            ###....      3%          1    None
b - Slow                  Hex            ###.....     6%          2    ##.....
c - Inner Flame           Hex/Fire       ##......     21%         3    ###....


Dungeon Overview and Level Annotations

Branches:
Dungeon (5/15)
 Temple: D:4-7

Altars:
Gozag
Nemelex Xobeh
Okawaru
Yredelemnul

Annotations:
D:4 Rationalist's ghost, average FoFi


Message History

Aim: a centaur, wielding a shortbow (almost dead, softly glowing)
You shoot an arrow. The arrow hits the centaur.
The centaur is almost dead.
The centaur stops glowing.
The centaur shoots an arrow.
The arrow hits you.
* * * LOW HITPOINT WARNING * * *
Firing (i - inventory):
g - 56 arrows (quivered)
Press: ? - help, Shift-Dir - straight line, f/p - centaur
Aim: a centaur, wielding a shortbow (almost dead)
You shoot an arrow.
The arrow hits the centaur but does no damage.
The centaur is almost dead.
The centaur shoots an arrow.
The arrow closely misses you.
Firing (i - inventory):
g - 55 arrows (quivered)
Press: ? - help, Shift-Dir - straight line, f/p - centaur
Aim: a centaur, wielding a shortbow (almost dead)
You shoot an arrow.
The arrow hits the centaur but does no damage.
The centaur is almost dead.
The centaur shoots an arrow.
The arrow hits you!
You die...

▒∙▒∙▒ ▒∙▒ ▒∙∙▒∙▒
▒∙∙∙∙∙∙ <∙▒
▒∙∙▒∙▒ ▒▒∙∙∙▒▒▒
▒∙∙∙∙∙∙∙∙▒∙▒
▒∙∙▒▒
∙∙∙∙∙∙∙∙∙∙∙▒
▒∙∙▒
▒∙∙∙∙∙∙▒∙▒▒▒
▒∙∙∙ ▒▒▒▒▒∙▒∙▒
▒▒ ▒∙▒∙▒ ▒∙▒∙▒
▒∙∙ ▒∙ ▒▒ ▒∙▒ ∙(
▒∙▒ c▒ ▒∙▒ ∙▒ ▒▒
▒▒∙▒▒ ▒▒▒∙▒
∙∙∙▒▒∙∙∙▒▒▒∙@∙▒
∙∙∙∙∙<∙∙∙∙∙∙∙▒▒
▒▒▒▒∙∙∙▒▒▒∙∙▒
▒▒∙▒▒ ▒∙∙▒ ▒∙▒
▒(∙▒ ▒∙▒ ▒∙∙▒
▒∙▒ ▒∙∙▒ ▒▒∙▒▒
▒∙∙▒
▒▒∙∙∙▒▒▒∙∙▒▒▒▒▒▒
▒∙▒∙∙∙∙∙∙∙∙∙∙∙∙▒
▒▒∙▒∙▒∙)∙∙∙▒▒▒∙▒
▒▒∙▒▒∙∙∙∙∙▒▒∙∙
▒▒▒▒∙∙▒∙∙∙∙∙∙∙
▒∙∙∙∙▒▒▒>∙∙
▒∙▒▒▒▒ ∙▒ ▒∙▒ ∙∙
▒∙▒ ▒


You could see a centaur.

Vanquished Creatures
  2 ogres (D:4)
  A scorpion (D:4)
  Crazy Yiuf (D:4)
  A giant frog zombie (D:5)
  2 orc priests (D:3)
  An iguana (D:4)
  3 orc wizards
  3 worker ants (D:4)
  A hound skeleton (D:4)
  4 gnolls
  4 adders
  A shadow imp (D:3)
  A worm (D:3)
  A giant gecko (D:1)
  15 orcs
  9 giant cockroaches
  8 goblins
  10 hobgoblins
  10 kobolds
  3 quokkas
  13 bats
  A giant gecko skeleton (D:5)
  5 giant newts
  15 jackals
  6 rats
  A spectral orc (D:2)
122 creatures vanquished.

Notes
Turn   | Place    | Note
--------------------------------------------------------------
     0 | D:1      | Illiel the High Elf Arcane Marksman began the quest for the Orb.
     0 | D:1      | Reached XP level 1. HP: 13/13 MP: 3/3
   244 | D:1      | Reached XP level 2. HP: 16/18 MP: 3/5
   515 | D:1      | Learned a level 2 spell: Slow
   770 | D:2      | Reached XP level 3. HP: 23/23 MP: 6/6
  1228 | D:2      | Found a basalt altar of Yredelemnul.
  1581 | D:2      | Reached skill level 1 in Short Blades
  1581 | D:2      | Reached skill level 1 in Armour
  1585 | D:2      | Reached skill level 1 in Stealth
  1590 | D:2      | Reached XP level 4. HP: 19/28 MP: 5/8
  1596 | D:2      | Learned a level 3 spell: Inner Flame
  1631 | D:2      | Found an iron altar of Okawaru.
  1652 | D:2      | Became a worshipper of Warmaster Okawaru
  1899 | D:3      | Found a sparkling altar of Nemelex Xobeh.
  1899 | D:3      | Found an opulent altar of Gozag.
  2864 | D:3      | Reached XP level 5. HP: 18/33 MP: 0/9
  3431 | D:3      | Reached skill level 4 in Bows
  3845 | D:4      | Reached XP level 6. HP: 39/39 MP: 8/11
  3976 | D:4      | Noticed Crazy Yiuf
  4020 | D:4      | Killed Crazy Yiuf
  4130 | D:4      | Noticed an ogre
  4252 | D:4      | Killed an ogre
  4252 | D:4      | Acquired Okawaru's first power
  4459 | D:4      | Reached XP level 7. HP: 45/45 MP: 8/12
  4521 | D:4      | Noticed Rationalist's ghost (average FoFi)
  4634 | D:3      | Reached skill level 5 in Bows
  4936 | D:4      | Noticed an ogre
  4990 | D:4      | Killed an ogre
  4990 | D:4      | Reached skill level 1 in Long Blades
  5204 | D:5      | Entered Level 5 of the Dungeon
  5391 | D:5      | Shot with an arrow by a centaur

Vault maps used:
D:1:      zaba_arrival_water, st_stairs_14
D:2:      yredelemnul_forgotten_temple_becter, okawaru_altar_gauntlet_db
D:3:      grunt_temple_overflow_opulence, first_bread, uniq_terence
D:4:      uniq_crazy_yiuf_cottage
D:5:      minivault_5

Action                   |  1- 3 |  4- 6 |  7- 9 || total
-------------------------+-------+-------+-------++-------
Melee: Dagger            |       |    18 |     6 ||    24
       Short sword       |       |     6 |       ||     6
 Fire: Shortbow          |   117 |   234 |    67 ||   418
 Cast: Corona            |    21 |    20 |     7 ||    48
       Slow              |     6 |    35 |    27 ||    68
  Use: Potion            |       |     2 |       ||     2
       Scroll            |       |       |     6 ||     6
  Eat: Chunk             |     1 |     5 |     3 ||     9
       Bread ration      |       |     2 |       ||     2
